 Dungeon Crawl Stone Soup version 0.30-a0-757-ga6a79fd877 (webtiles) character file.

Game seed: 12022610239420012822

19658 cforsyth the Summoner (level 12, 0/80 HPs)
             Began as a Tengu Summoner on Feb 10, 2023.
             Was an Initiate of Gozag.
             Slain by an ice beast (2 damage)
             ... summoned by an ice statue
             ... in an ice cave.
             The game lasted 00:49:53 (17927 turns).

cforsyth the Summoner (Tengu Summoner)             Turns: 17927, Time: 00:49:54

Health: 0/80       AC:  5    Str:  7    XL:     12   Next: 71%
Magic:  25/26      EV: 22    Int: 24    God:    Gozag
Gold:   1904       SH:  0    Dex: 15    Spells: 16/29 levels left

rFire   + . .      SeeInvis .    (no weapon)
rCold   . . .      Faith    .    (no shield)
rNeg    . . .      Spirit   .    a - +0 robe
rPois   .          Reflect  .    (helmet restricted)
rElec   .          Harm     .    i - +0 cloak
rCorr   .          Rampage  .    B - +1 pair of gloves
Will    +....                    (boots unavailable)
Stlth   ++                       r - amulet of magic regeneration
HPRegen 1.13/turn                m - ring of willpower
MPRegen 0.60/turn                o - ring of protection from fire

@: flying quickly and evasively, quick
A: beak, talons 3, nimble flight, clever 1, regeneration 1, screaming 1
a: Renounce Religion, Potion Petition, Call Merchant, Bribe Branch


You were in an ice cave.
You worshipped Gozag.
Gozag was most pleased with you.
You visited 2 branches of the dungeon, and saw 13 of its levels.
You also visited: Sewer and Ice Cave.

You collected 1985 gold pieces.
You paid 81 gold pieces to Gozag.

Inventory:

Armour
 a - a +0 robe (worn)
 i - a +0 cloak (worn)
 B - a +1 pair of gloves (worn)
Jewellery
 l - a ring of magical power
 m - a ring of willpower (left hand)
 n - the ring of Cenetual {rN+ Dex+5 Stlth-}
   (You found it on level 2 of the Dungeon)

   [ring of positive energy]

   Dex:       It affects your dexterity (+5).
   rN:        It protects you from negative energy.
   Stlth:     It makes you less stealthy.
 o - a ring of protection from fire (right hand)
 r - an amulet of magic regeneration (around neck)
 A - a +4 ring of protection
 H - a ring of resist corrosion
 J - a ring of positive energy
 P - a +6 ring of strength
 R - a ring of wizardry
Wands
 q - a wand of flame (17)
 x - a wand of light (11)
 M - a wand of charming (17)
 N - a wand of iceblast (4)
Scrolls
 b - 2 scrolls of enchant armour
 e - 2 scrolls of enchant weapon
 p - 4 scrolls of fear
 s - a scroll of silence
 t - a scroll of poison {unknown}
 w - 4 scrolls of teleportation
 E - a scroll of fog {unknown}
 G - a scroll of summoning {unknown}
 I - a scroll of vulnerability {unknown}
 K - 2 scrolls of amnesia {unknown}
 L - a scroll of immolation {unknown}
 Q - 2 scrolls of torment {unknown}
 S - a scroll of identify
Potions
 c - 2 potions of degeneration {unknown}
 d - 4 potions of invisibility
 f - 4 potions of curing
 g - 5 potions of attraction
 h - a potion of flight
 j - 2 potions of resistance {unknown}
 k - 4 potions of brilliance
 u - 3 potions of cancellation
 v - 3 potions of haste
 z - 3 potions of might
 C - a potion of lignification
 D - 5 potions of mutation
 F - a potion of magic


   Skills:
 + Level 11.1 Fighting
 + Level 12.3 Dodging
 - Level 2.0 Stealth
 - Level 9.2 Spellcasting
 - Level 12.4 Summonings


You had 16 spell levels left.
You knew the following spells:

 Your Spells              Type           Power      Damage    Failure   Level
a - Summon Small Mammal   Summ           100%       N/A       1%          1
b - Call Imp              Summ           63%        N/A       1%          2
c - Call Canine Familiar  Summ           63%        N/A       1%          3
d - Summon Guardian Gole  Hex/Summ       40%        N/A       1%          3
e - Summon Lightning Spi  Summ/Air       40%        N/A       4%          4

Your spell library contained the following spells:

 Spells                   Type           Power      Damage    Failure   Level
 Kiss of Death            Conj/Necr      44%        2d8       6%          1
 Shock                    Conj/Air       44%        1d5       6%          1
 Blink                    Tloc           22%        N/A       9%          2
 Static Discharge         Conj/Air       22%        2-3/arc   9%          2
 Confusing Touch          Hex            11%        N/A       17%         3
 Gell's Gravitas          Tloc           11%        N/A       17%         3
 Ignite Poison            Fire/Tmut/Pois 11%        N/A       17%         3
 Kindle Blastsparks       Fire/Tloc/Air  22%        2d11      17%         3
 Portal Projectile        Hex/Tloc       22%        N/A       17%         3
 Swiftness                Air            11%        N/A       17%         3
 Teleport Other           Tloc           11%        N/A       17%         3
 Tukima's Dance           Hex            11%        N/A       17%         3
 Vhi's Electric Charge    Tloc/Air       22%        N/A       17%         3
 Airstrike                Air            5%         2d(1-17)  50%         4
 Dispel Undead            Necr           11%        3d9       50%         4
 Fulminant Prism          Conj/Hex       5%         3d6       50%         4
 Iskenderun's Mystic Bla  Conj/Tloc      11%        2d4       50%         4
 Manifold Assault         Tloc           11%        N/A       50%         4
 Arcjolt                  Conj/Air       5%         1d15      85%         5
 Blade Hands              Tmut           5%         N/A       85%         5
 Freezing Cloud           Conj/Ice/Air   5%         6-21      85%         5
 Lee's Rapid Deconstruct  Erth           5%         3d6*      85%         5
 Lightning Bolt           Conj/Air       5%         1d17      85%         5
 Dispersal                Tloc           5%         N/A       100%        6
 Storm Form               Tmut/Air       5%         N/A       100%        7
 Maxwell's Capacitive Co  Air            5%         ∞         100%        8


Dungeon Overview and Level Annotations

Branches:
Dungeon (12/15)            Temple (1/1) D:6            Lair (0/5) D:8
    Orc (0/2) D:12          Sewer (visited)           IceCv (1/1)

Altars:
Ashenzari
Cheibriados
Dithmenos
Elyvilon
Fedhas
Gozag
Hepliaklqana
Kikubaaqudgha
Makhleb
Nemelex Xobeh
Okawaru
Qazlal
Ru
Sif Muna
Trog
Uskayaw
Vehumet
Wu Jian
Xom
Yredelemnul
Zin
The Shining One

Shops:
D:6 =

Annotations:
D:9 1 runed translucent door, Esekla's ghost, novice OpDe IceCv exclusion: 2 ice statues


Innate Abilities, Weirdness & Mutations

You have a beak for a mouth.
You have claws for feet.
Your magical nature lets you fly swiftly and evasively.
Your mind is acute. (Int +4, Str/Dex -1)
Your natural rate of healing is unusually fast.
You occasionally shout uncontrollably at your foes.


Message History

Your quokka bites the ice statue but does no damage.
The ice beast hits you but does no damage.
Your rat is engulfed in freezing vapours.
Your rat dies!
Your rat's corpse disappears in a puff of smoke!
The ice beast closely misses you. The ice beast barely misses you.
Unknown command.
What are your orders? t - Yell!
Orders for allies: a - Attack new target. p - Attack previous target. r - Retreat! s - Stop attacking. g - Guard the area. f - Follow me.
Anything else - Cancel.
Gang up on whom?
Press: ? - help, Dir - move target, f/p - ice statue
Aim: an ice statue (heavily damaged, not watching you, ally target) Attack!
You are engulfed in freezing vapours.
Your warg bites the ice statue.
Your quokka bites the ice statue.
The ice beast misses you. The ice beast barely misses you.
The ice beast closely misses you. x2
What are your orders? t - Yell!
Orders for allies: a - Attack new target. p - Attack previous target. r - Retreat! s - Stop attacking. g - Guard the area. f - Follow me.
Anything else - Cancel.
Gang up on whom?
Press: ? - help, Dir - move target, f/p - ice statue
Aim: an ice statue (severely damaged, not watching you, ally target) Attack!
You are engulfed in freezing vapours.
Your warg bites the ice statue but does no damage.
Your quokka bites the ice statue.
The ice statue gestures at you. The freezing blast engulfs you!!
* * * LOW HITPOINT WARNING * * *
The ice statue gestures at your warg. The bolt of cold hits your warg!!
Your lightning spire is engulfed in freezing vapours.
The ice beast closely misses you. The ice beast hits you.
You die...
Your body crumbles into a pile of gold.

##. ##..## #.....
##.....## #...§..r##
#....☼☼h8 ####
.....8YY## ######..##
.....§Y@○### ##..##....#
......○○Y5.###..........
......°○○...#.......∩.∩.
......○..##....##.......
........####..#####....#
........8 #### ##..##
........# #### #......##
#....#


You could see 2 ice statues, 4 ice beasts, a friendly warg (summoned), a
friendly lightning spire (summoned), a friendly crimson imp (summoned) and a
friendly quokka (summoned).

Vanquished Creatures
  An ice beast (D:8)
  An adder (Sewer)
  2 orcs
  3 ball pythons
  A kobold (D:2)
  A bat (D:2)
  3 rats
12 creatures vanquished.

Vanquished Creatures (collateral kills)
  A two-headed ogre (D:12)
  Erica (D:8)
  A wizard (D:11)
  A cyclops (D:11)
  A torpor snail (shapeshifter) (D:9)
  Maggie (D:9)
  2 rime drakes
  An unseen horror (D:11)
  A kobold demonologist (D:10)
  2 shadows (D:12)
  A wraith (D:11)
  7 yaks
  2 wyverns
  Menkaure (D:5)
  An acid dragon (D:11)
  2 water moccasins
  Duvessa (D:4)
  2 orc warriors
  2 ice beasts (D:8)
  A sky beast (D:6)
  6 centaurs
  A wolf (D:8)
  A phantom (D:6)
  2 bullfrogs
  7 kobold brigands
  A gnoll sergeant (D:11)
  2 scorpions
  13 wights
  Dowan (D:4)
  14 killer bees
  A nameless horror (D:9)
  4 electric eels
  A komodo dragon simulacrum (IceCv)
  5 hounds
  3 orc priests
  2 jellies (D:7)
  5 iguanas
  Ijyb (D:4)
  Natasha (twice) (D:4)
  7 orc wizards
  7 adders
  18 gnolls
  3 river rats (Sewer)
  5 worms
  3 dart slugs
  32 orcs
  9 ball pythons
  8 endoplasms
  3 giant cockroaches
  5 hobgoblins
  5 jackals (D:2)
  15 kobolds
  9 quokkas
  3 bats
  6 frilled lizards
  8 goblins
  11 rats
261 creatures vanquished.

Vanquished Creatures (others)
  A hydra (D:11)
  2 two-headed ogres
  2 centaur warriors
  2 ugly things (D:12)
  A deep elf pyromancer (D:12)
  A manticore (D:11)
  2 cyclopes
  Joseph (D:8)
  A gargoyle (D:11)
  A kobold demonologist (D:11)
  An ice devil (D:12)
  2 trolls (D:11)
  A polar bear (D:8)
  A water elemental (D:12)
  A wyvern (D:8)
  A vampire (D:11)
  10 yaks
  An orc warrior (D:11)
  A centaur (D:12)
  A necrophage (D:4)
  A gnoll sergeant (D:4)
  2 lindwurm simulacra (IceCv)
  9 killer bees (D:9)
  An electric eel (D:10)
  A komodo dragon simulacrum (IceCv)
  A gnoll bouda (D:9)
  An orc priest (D:12)
  An iguana (D:4)
  2 acid dragon simulacra (IceCv)
  2 gnolls
  An orc (D:12)
  14 plants (D:11)
70 creatures vanquished.

Grand Total: 343 creatures vanquished

Notes
Turn   | Place    | Note
-------+----------+-------------------------------------------
     0 | D:1      | cforsyth the Tengu Summoner began the quest for the Orb.
     0 | D:1      | Reached XP level 1. HP: 10/10 MP: 4/4
    48 | D:1      | Reached skill level 5 in Summonings
   309 | D:1      | Reached XP level 2. HP: 14/15 MP: 1/6
   312 | D:1      | Learned a level 2 spell: Call Imp
  1172 | D:1      | Reached XP level 3. HP: 19/19 MP: 2/7
  1311 | D:1      | Learned a level 3 spell: Call Canine Familiar
  1608 | D:2      | Reached XP level 4. HP: 17/24 MP: 0/9
  1612 | D:2      | Learned a level 3 spell: Summon Guardian Golem
  1894 | D:2      | Identified the ring of Cenetual {rN+ Dex+5 Stlth-}
  2615 | D:3      | Found a stormy altar of Qazlal.
  2757 | D:3      | Found a hazy altar of Hepliaklqana.
  2902 | D:3      | Found a shimmering blue altar of Sif Muna.
  3045 | D:3      | Gained mutation: Your magical nature lets you fly swiftly
                  | and evasively. [Tengu growth]
  3045 | D:3      | Reached XP level 5. HP: 28/28 MP: 8/11
  3167 | D:4      | Noticed Duvessa
  3167 | D:4      | Noticed Dowan
  3442 | D:4      | Found an iron altar of Okawaru.
  3507 | D:4      | Reached XP level 6. HP: 32/32 MP: 3/13
  3683 | D:4      | Found a glowing drain.
  3687 | Sewer    | Entered a sewer
  3947 | Sewer    | Reached skill level 5 in Spellcasting
  3947 | Sewer    | Reached XP level 7. HP: 22/36 MP: 5/15
  4780 | D:4      | Noticed Ijyb
  4813 | D:4      | Killed Ijyb
  5199 | D:4      | Noticed Natasha
  5204 | D:4      | Killed Natasha
  5513 | D:4      | Killed Dowan
  5514 | D:4      | Reached XP level 8. HP: 30/41 MP: 13/18
  5531 | D:4      | Killed Duvessa
  5721 | D:4      | Noticed Natasha
  5730 | D:4      | Killed Natasha
  5993 | D:5      | Entered Level 5 of the Dungeon
  6142 | D:5      | Learned a level 4 spell: Summon Lightning Spire
  6184 | D:5      | Noticed Menkaure
  6190 | D:5      | Killed Menkaure
  6715 | D:5      | Reached skill level 10 in Summonings
  7064 | D:6      | Found a hide-covered altar of Uskayaw.
  7104 | D:6      | Found a bloodstained altar of Trog.
  7273 | D:6      | Found Cyekluykk's Jewellery Shop.
  7386 | D:6      | Found a radiant altar of Vehumet.
  7458 | D:6      | Found a staircase to the Ecumenical Temple.
  7678 | Temple   | Entered the Ecumenical Temple
  7750 | Temple   | Became a worshipper of Gozag Ym Sagoz the Greedy
  7843 | D:7      | Reached XP level 9. HP: 13/45 MP: 17/21
  7846 | D:6      | HP: 1/45 [poisoned by an orc]
  8064 | D:7      | Found a snail-covered altar of Cheibriados.
  9016 | D:8      | Noticed a polar bear
  9082 | D:8      | Killed a polar bear
  9343 | D:8      | Noticed Erica
  9353 | D:8      | Noticed Joseph
  9356 | D:8      | Noticed a rime drake
  9525 | D:8      | Reached XP level 10. HP: 50/50 MP: 24/24
  9547 | D:8      | Reached skill level 1 in Fighting
  9567 | D:8      | Killed Erica
  9701 | D:8      | Found a staircase to the Lair.
 10163 | D:8      | Reached skill level 5 in Dodging
 10527 | D:8      | You are sucked into a shaft and drop 3 floors!
 10530 | D:10     | Entered Level 10 of the Dungeon
 10657 | D:9      | Noticed a two-headed ogre
 10677 | D:9      | Killed a two-headed ogre
 10678 | D:9      | Reached skill level 5 in Fighting
 11116 | D:9      | Noticed an eye of devastation
 11120 | D:9      | an eye of devastation changed into a torpor snail
 11120 | D:9      | Noticed a torpor snail (shapeshifter)
 11128 | D:9      | Killed a torpor snail
 11289 | D:8      | Killed Joseph
 11529 | D:8      | Reached XP level 11. HP: 64/64 MP: 25/25
 12458 | D:9      | Found a runed translucent door.
 12459 | D:9      | Noticed Esekla's ghost (novice OpDe)
 12604 | D:9      | Noticed Maggie
 12624 | D:9      | Killed Maggie
 14356 | D:10     | Noticed a cyclops
 14368 | D:10     | Killed a cyclops
 16029 | D:11     | Reached skill level 10 in Dodging
 16066 | D:11     | Noticed a cyclops
 16073 | D:11     | Killed a cyclops
 16422 | D:11     | Noticed a cyclops
 16440 | D:11     | Killed a cyclops
 16441 | D:11     | Reached XP level 12. HP: 67/76 MP: 26/26
 16799 | D:11     | Noticed a six-headed hydra
 16858 | D:11     | Noticed a centaur warrior
 16859 | D:11     | Found the +10 tower shield of Ignorance {rN+ Int-4}
 16890 | D:11     | Killed a six-headed hydra
 16910 | D:11     | Reached skill level 10 in Fighting
 17248 | D:11     | Killed a centaur warrior
 17540 | D:12     | Noticed a two-headed ogre
 17541 | D:12     | Noticed a two-headed ogre
 17548 | D:12     | Killed a two-headed ogre
 17555 | D:12     | Killed a two-headed ogre
 17595 | D:12     | Noticed a boulder beetle
 17623 | D:12     | Noticed a centaur warrior
 17641 | D:12     | Killed a centaur warrior
 17677 | D:12     | Gained mutation: Your mind is acute. (Int +4, Str/Dex -1)
                  | [potion of mutation]
 17677 | D:12     | Gained mutation: You occasionally shout uncontrollably at
                  | your foes. [potion of mutation]
 17677 | D:12     | Gained mutation: Your natural rate of healing is unusually
                  | fast. [potion of mutation]
 17806 | D:12     | Found a frozen archway.
 17820 | IceCv    | Entered an ice cave
 17927 | IceCv    | HP: 2/80 [ice statue/freezing blast (32)]
 17927 | IceCv    | Slain by an ice beast

Illustrated notes

Levels and vault maps discovered:
D:1:      spicycebolla_arrival_xxxplode, layout_basic, minmay_tetromino_s2
D:2:      layout_basic, kennysheep_generic_room_4
D:3:      layout_rooms, nicolae_sif_muna_condensation, lemuel_round_altar,
          lemuel_round_altar, minmay_randomly_rotated_circles
D:4:      layout_gridville, mainiacjoe_overflow_catwalk, gup_sewer_entry_spiral,
          dk_vineyard_2, uniq_natasha, uniq_duvessa, uniq_ijyb
D:5:      layout_basic, uniq_menkaure
D:6:      layout_loops_ring, mainiacjoe_overflow_six_doors_small,
          mainiacjoe_overflow_alcove_2, eat_drink_and_be_merry_uskayaw,
          minmay_temple_entry_junction, serial_shops, shop_statue,
          serial_park_tiny_pond
D:7:      layout_basic, cheibriados_altar_1, st_stairs_12, nicolae_benzene_ring,
          grunt_decor_mini_mirrors
D:8:      layout_basic, hellmonk_lair_entry_icy, uniq_joseph, uniq_erica
D:9:      layout_long_grid, ebering_ghost_reflecting_pool,
          minmay_misc_feat_roman, uniq_maggie
D:10:     nicolae_moon_pools, layout_basic, enter_bailey_5
D:11:     layout_rooms, serial_bayou_lagoon_a, minmay_misc_feat_enclosed,
          minmay_mirror_moons_of_madness
D:12:     layout_basic, hiddenorc2_lemuel, serial_shops,
          nicolae_take_the_stairs, portal_ice_cave_demonic_guard
Temple:   compressed_dpeg_circular_temple
IceCv:    ice_cave_small_dragons

Skill      XL: |  1  2  3  4  5  6  7  8  9 10 11 12 |
---------------+-------------------------------------+-----
Summonings     | 5 6 7 8 10 12 | 12.4
Spellcasting   | 3 4 5 6 7 9 |  9.2
Fighting       | 6 9 11 | 11.1
Dodging        | 7 10 12 | 12.3
Stealth        | |  2.0

Action                     |  1- 3 |  4- 6 |  7- 9 | 10-12 || total
---------------------------+-------+-------+-------+-------++-------
  Melee: Unarmed           |    12 |    13 |    26 |    24 ||    75
         Kick              |     3 |     4 |     8 |     8 ||    23
         Peck              |     1 |     2 |     3 |     6 ||    12
   Cast: Summon Small Mamm |    37 |    20 |    45 |    51 ||   153
         Call Imp          |    11 |    12 |    27 |    28 ||    78
         Call Canine Famil |     4 |    20 |    43 |    72 ||   139
         Summon Guardian G |       |     4 |    10 |    71 ||    85
         Summon Lightning  |       |       |     6 |    36 ||    42
    Use: Scroll            |       |     2 |    10 |     7 ||    19
         Potion            |       |     1 |     1 |     3 ||     5
   Stab: Distracted        |     1 |       |     1 |       ||     2
 Armour: Robe              |     8 |    15 |     8 |    25 ||    56
  Dodge: Dodged            |    20 |    42 |    74 |   182 ||   318

Table legend: (Time is in decaauts)
 A = Elapsed time spent in this place.
 B = Non-inter-level travel time spent in this place.
 C = Inter-level travel time spent in this place.
 D = Time resting spent in this place.
 E = Time spent auto-exploring this place.
 F = Levels seen in this place.
 G = Mean time per level.
                   A        B        C        D        E       F      G
               +--------+--------+--------+--------+--------+-----+--------+
         Total |  17218 |  16753 |    465 |   3899 |   8521 |  15 | 1147.9 |
       Dungeon |  16000 |  15571 |    429 |   3819 |   7862 |  12 | 1333.3 |
        Temple |    100 |     64 |     36 |      0 |     46 |   1 |  100.0 |
         Sewer |   1013 |   1013 |      0 |     70 |    567 |   1 | 1013.0 |
      Ice Cave |    103 |    103 |      0 |     10 |     44 |   1 |  103.0 |
               +--------+--------+--------+--------+--------+-----+--------+

Top non-repeatable levels by time:
    D:10: 2726 daAuts
    D:11: 1759 daAuts
     D:9: 1741 daAuts
     D:8: 1666 daAuts
     D:4: 1500 daAuts
     D:1: 1324 daAuts
     D:7: 1272 daAuts
     D:2: 1193 daAuts
   Sewer: 1013 daAuts
     D:5: 878 daAuts
     D:3: 856 daAuts
     D:6: 805 daAuts
    D:12: 275 daAuts
   IceCv: 103 daAuts
  Temple: 100 daAuts
